 Dungeon Crawl Stone Soup version 0.19-a0-1852-gc11d922 (webtiles) character file.

584 Patate the Covert (level 7, 0/36 HPs)
             Began as a Spriggan Assassin on Oct 9, 2016.
             Shot with an arrow by a centaur (5 damage)
             ... on level 5 of the Dungeon on Oct 11, 2016.
             The game lasted 00:31:48 (5904 turns).

Patate the Covert (Spriggan Assassin)               Turns: 5904, Time: 00:31:49

Health: 0/36       AC:  5    Str:  7    XL:     7   Next: 14%
Magic:  7/7        EV: 18    Int: 13    God:
Gold:   121        SH:  0    Dex: 19    Spells: 0 memorised, 6 levels left

rFire  . . .     SeeInvis +     b - +0 blowgun
rCold  . . .     Gourm    .     n - +0 robe "Arow" {rCorr} (curse)
rNeg   . . .     Faith    .     (shield restricted)
rPois  .         Spirit   .     (helmet restricted)
rElec  .         Dismiss  .     d - +0 cloak
rCorr  +         Reflect  .     (gloves unavailable)
MR     +....     Harm     .     (boots unavailable)
Stlth  +++++.....               (no amulet)
                                (no ring)
                                j - ring of stealth

@: very quick
A: unfitting armour, claws 1, icy blue scales 1, see invisible, herbivore 3,
speed 3, low mp 1, slow metabolism 2
a: no special abilities


You were on level 5 of the Dungeon.
You were hungry.

You visited 1 branch of the dungeon, and saw 5 of its levels.

You collected 121 gold pieces.

Inventory:

Hand Weapons
 a - a +2 dagger
 b - a +0 blowgun (weapon)
Missiles
 e - 26 poisoned needles (quivered)
 f - 2 curare-tipped needles
Armour
 d - a +0 cloak (worn)
 i - a +0 robe of positive energy
 n - the cursed +0 robe "Arow" (worn) {rCorr}
   (You found it on level 4 of the Dungeon)

   It protects you from acid and corrosion.
   It has a curse placed upon it.
Jewellery
 j - a ring of stealth (left claw)
Scrolls
 h - a scroll of enchant armour {unknown}
 m - 3 scrolls of identify
Comestibles
 c - a fruit
 g - 5 bread rations


   Skills:
 + Level 3.5 Fighting
 * Level 5.0 Short Blades
 - Level 3.0 Throwing
 - Level 2.6 Dodging
 + Level 8.9 Stealth


You had 6 spell levels left.
You didn't know any spells.

Dungeon Overview and Level Annotations

Branches:
Dungeon (5/15)
 Temple: D:4-7

Altars:
Okawaru
Trog
Xom

Shops:
D:4 *

Annotations:
D:4 Eustachio
D:5 Sigmund


Innate Abilities, Weirdness & Mutations

You are very small and have problems with some larger weapons.
You are too small for most types of armour.
You have supernaturally acute eyesight. (SInv)
You are a herbivore.
You cover ground extremely quickly.
You need consume almost no food.
You have sharp fingernails.
You are partially covered in icy blue scales. (AC +2)
Your magical capacity is low. (-10% MP)


Message History

You hit the centaur but do no damage.
The centaur is severely wounded.
The centaur hits you.
* * * LOW HITPOINT WARNING * * *
The centaur wields a glowing shortbow.
The centaur shoots an arrow.
The arrow hits you but does no damage.
You see here an arrow.
The centaur shoots an arrow.
The arrow closely misses you.
There is a stone staircase leading down here.
The centaur shoots an arrow.
The arrow closely misses you.
b - a +0 blowgun (weapon)
You are too injured to fight recklessly!
Firing (i - inventory. (,) - cycle):
e - 27 poisoned needles (quivered)
Press: ? - help, Shift-Dir - straight line, f - centaur
Aim: a centaur, wielding a shortbow of velocity (severely wounded)
You shoot a poisoned needle. The poisoned needle hits the centaur!
The centaur is poisoned.
The centaur is severely wounded.
The centaur shoots an arrow.
The arrow hits you.
You die...

#.....## #...#
#.#....##...#
##.#.c......#
##.##.#>....##
#c(##.#.....# .
###.####......##
... #...#
#.).....##...#
#..##
#...........#
####
#..#..@.....#
#...##.......#
###..##.......
#....#..###..
####...## #
#...####
####...#
#......##
#...##..##


You could see a centaur.

Vanquished Creatures
  Menkaure (D:4)
  An ice beast (D:5)
  Blork the orc (D:5)
  A bullfrog skeleton (D:4)
  A worker ant (D:4)
  A worker ant zombie (D:5)
  5 gnolls (D:3)
  8 adders
  2 river rats (D:3)
  4 dart slugs
  5 leopard geckos
  10 orcs
  4 ball pythons
  5 giant cockroaches
  14 goblins
  5 hobgoblins
  3 jackals (D:3)
  A quokka (D:4)
  10 bats
  3 frilled lizards
  A jackal skeleton (D:5)
  7 kobolds
  A leopard gecko skeleton (D:4)
  5 rats
99 creatures vanquished.

Vanquished Creatures (others)
  A wizard (D:4)
  An adder (D:4)
  A giant cockroach (D:4)
  2 quokkas (D:4)
5 creatures vanquished.

Grand Total: 104 creatures vanquished

Notes
Turn   | Place    | Note
-------+----------+-------------------------------------------
     0 | D:1      | Patate the Spriggan Assassin began the quest for the Orb.
     0 | D:1      | Reached XP level 1. HP: 10/10 MP: 2/2
    70 | D:1      | Reached skill level 6 in Stealth
   147 | D:1      | Reached XP level 2. HP: 14/14 MP: 3/3
   724 | D:1      | Reached skill level 7 in Stealth
   938 | D:1      | Reached XP level 3. HP: 18/18 MP: 4/4
  1879 | D:2      | Gained mutation: Your magical capacity is low. (-10% MP) [potion of mutation]
  1879 | D:2      | Gained mutation: You are partially covered in icy blue scales. (AC +2) [potion of mutation]
  1879 | D:2      | Gained mutation: You have sharp fingernails. [potion of mutation]
  1908 | D:3      | Reached XP level 4. HP: 23/23 MP: 4/4
  2007 | D:3      | Found an iron altar of Okawaru.
  2332 | D:3      | Found a faded altar of an unknown god.
  2555 | D:3      | Reached XP level 5. HP: 16/27 MP: 5/5
  2653 | D:3      | Upgraded the game from 0.19-a0-1841-gf1e0166 to 0.19-a0-1850-g63fd1ff
  3845 | D:4      | Reached skill level 8 in Stealth
  4014 | D:4      | Noticed Menkaure
  4018 | D:4      | Killed Menkaure
  4018 | D:4      | Reached XP level 6. HP: 32/32 MP: 6/6
  4211 | D:4      | Found a bloodstained altar of Trog.
  4214 | D:4      | Noticed a wizard
  4222 | D:4      | Killed a wizard
  4536 | D:4      | Upgraded the game from 0.19-a0-1850-g63fd1ff to 0.19-a0-1852-gc11d922
  4537 | D:4      | Found a shimmering altar of Xom.
  4566 | D:4      | Got a warped robe
  4577 | D:4      | Identified the cursed +0 robe "Arow" {rCorr} (You found it on level 4 of the Dungeon)
  4600 | D:4      | Noticed Eustachio
  4620 | D:4      | Found Aloly's Assorted Antiques.
  4695 | D:5      | Entered Level 5 of the Dungeon
  4951 | D:5      | Noticed an ice beast
  4954 | D:5      | Killed an ice beast
  5032 | D:5      | Noticed Sigmund
  5032 | D:5      | Noticed Blork the orc
  5528 | D:5      | Killed Blork the orc
  5528 | D:5      | Reached XP level 7. HP: 18/36 MP: 7/7
  5812 | D:5      | Reached skill level 5 in Short Blades
  5904 | D:5      | Shot with an arrow by a centaur

Vault maps used:
D:1:      sevenhm_arrival_forest_fort_large_2, kennysheep_another_room,
          minivault_5, minmay_crystal_room
D:2:      kennysheep_doodads
D:3:      okawaru_altar_gauntlet_db, portal_sewer_entry_e, ecumenical_altar_2
D:4:      xom_confusion_cloud, serial_shops, shop, trog_wizard, uniq_eustachio,
          uniq_menkaure
D:5:      first_bread, uniq_sigmund, uniq_blork_the_orc

Skill      XL: |  1  2  3  4  5  6  7 |
---------------+----------------------+-----
Stealth        | 6 7 8 |  8.9
Fighting       | 2 3 |  3.5
Dodging        | 2 |  2.6
Throwing       | 3 |  3.0
Short Blades   | 4 5 |  5.0

Action                   |  1- 3 |  4- 6 |  7- 9 || total
-------------------------+-------+-------+-------++-------
Melee: Dagger            |    85 |   205 |    36 ||   326
 Fire: Blowgun           |    24 |    82 |     2 ||   108
  Use: Potion            |     4 |     4 |       ||     8
       Scroll            |     4 |     5 |       ||     9
 Stab: Sleeping          |    12 |     9 |     1 ||    22
       Distracted        |     1 |       |       ||     1
  Eat: Fruit             |       |     1 |     1 ||     2
Armor: Robe              |    12 |    31 |     4 ||    47
Dodge: Dodged            |    48 |   197 |    22 ||   267
